 Dungeon Crawl Stone Soup version 0.17-a0-2198-g482c6e3 (webtiles) character file.

16776 Ordine the Grappler (level 12, -3/122 HPs)
             Began as a Troll Monk on Oct 26, 2015.
             Slain by a seven-headed hydra (11 damage)
             ... on level 6 of the Lair of Beasts.
             The game lasted 00:37:42 (11483 turns).

Ordine the Grappler (Troll Monk)                   Turns: 11483, Time: 00:37:42

Health: -3/122     AC:  7    Str: 26    XL:     12   Next: 13%
Magic:  9/9        EV: 17    Int:  8    God:
Gold:   726        SH:  0    Dex: 16    Spells: 0 memorised, 11 levels left

rFire  . . .     SeeInvis .       - Unarmed
rCold  + . .     Clarity  .     a - +0 robe
rNeg   . . .     SustAt   .     (no shield)
rPois  +         Gourm    +     q - +0 hat
rElec  .         Spirit   .     n - +1 cloak
rCorr  +         Warding  .     (gloves unavailable)
rMut   .         Stasis   .     (boots unavailable)
MR     .....                    d - amulet of resist corrosion
Stlth  ++........               s - ring of poison resistance
                                w - ring of protection from cold

@: not resistant to hostile enchantments, unstealthy
A: unfitting armour, claws 3, repulsion field 1, blurry vision 1, clever 1, fast
metabolism 3, gourmand, low mp 1, regeneration 2, shaggy fur 1, strong 2, tough
skin 2, MP-powered wands
a: no special abilities


You were on level 6 of the Lair of Beasts.
You were full.

You visited 3 branches of the dungeon, and saw 16 of its levels.
You also visited: Sewer and Ice Cave.

You collected 726 gold pieces.

Inventory:

Hand Weapons
 H - the +6 blowgun "Firph" {speed, +Blink MR+}
   (You found it on level 2 of the Lair of Beasts)

   Attacks with this weapon are significantly faster.
   It affects your resistance to hostile enchantments.
   It lets you blink.
Missiles
 c - 10 large rocks (quivered)
 i - 4 needles of sleeping
 j - 9 tomahawks
 l - 52 poisoned needles
Armour
 a - a +0 robe (worn)
 n - a +1 cloak (worn)
 q - a +0 hat (worn)
Jewellery
 d - an amulet of resist corrosion (around neck)
 r - an uncursed ring of sustain attributes
 s - a ring of poison resistance (right claw)
 w - a ring of protection from cold (left claw)
Wands
 g - a wand of cold (7)
 C - a wand of fire (1)
 E - a wand of hasting (5)
Scrolls
 k - a scroll of fear
 o - 2 scrolls of recharging
 v - 6 scrolls of remove curse
 y - 4 scrolls of enchant weapon
 A - a scroll of enchant armour
 G - a scroll of fog
Potions
 e - a potion of agility
 t - a potion of heal wounds
 u - 2 potions of haste
 x - 3 potions of curing {unknown}
 z - a potion of might {unknown}
 B - 2 potions of flight {unknown}
 D - 2 potions of lignification {unknown}
 I - a potion of berserk rage {unknown}
Miscellaneous
 h - a phial of floods (inert)
Comestibles
 b - 10 bread rations
 f - 7 meat rations
 m - 6 fruits
 p - 2 royal jellies
 F - a beef jerky


   Skills:
 + Level 8.8 Fighting
 + Level 8.8 Dodging
 - Level 1.1 Stealth
 * Level 14.2 Unarmed Combat


You had 11 spell levels left.
You didn't know any spells.

Dungeon Overview and Level Annotations

Branches:
Dungeon (8/15)             Temple (1/1) D:5            Lair (7/8) D:8
  Swamp (0/4) Lair:6
  Snake: Lair:3-6    Spider: Lair:3-6     Slime: Lair:6-8

Altars:
Ashenzari
Cheibriados
Elyvilon
Fedhas
Gozag
Kikubaaqudgha
Makhleb
Nemelex Xobeh
Okawaru
Qazlal
Ru
Sif Muna
Trog
Vehumet
Xom
Yredelemnul
Zin
The Shining One

Annotations:
Lair:3 hydra
Lair:5 exclusion: 4 oklob plants
Lair:6 hydra


Innate Abilities, Weirdness & Mutations

You are too large for most types of armour.
You have claws for hands.
Your metabolism is lightning-fast.
You like to eat raw meat.
You heal very quickly.
You are covered in fur (AC +1).
You have very tough skin (AC +2).
You are surrounded by a mild repulsion field (EV +2).
Scrolls take you a little longer to read.
Your mind is acute. (Int +2)
Your magical capacity is low (-10% MP).
Your muscles are very strong. (Str +4)
You expend magic power (3 MP) to strengthen your wands.


Message History

The seven-headed hydra misses you. The seven-headed hydra bites you.
* * * LOW HITPOINT WARNING * * *
The seven-headed hydra closely misses you. x2
The seven-headed hydra bites you!
* * * LOW HITPOINT WARNING * * *
Your water elemental barely misses the seven-headed hydra.
Eat which item? (? for menu, Esc to quit)
Okay, then.
Read which item? (? for menu, Esc to quit)
Really read with blurry vision while enemies are nearby?
The seven-headed hydra misses you. The seven-headed hydra bites you.
* * * LOW HITPOINT WARNING * * *
The seven-headed hydra bites you!
* * * LOW HITPOINT WARNING * * *
The seven-headed hydra barely misses you.
The seven-headed hydra bites you but does no damage.
The seven-headed hydra bites you.
* * * LOW HITPOINT WARNING * * *
The seven-headed hydra bites you!
You die...

..<...#..## ####...## ###........
.....##### ##.#.# ##.......
.PP.## #.#.# ####.... ##### #...#
#.#.. # ##########.P# ####. ###
##.#....##..## ####.#
..######............########.#P..
.....#..#......>....P#P#P..P.##..
................@...##.P.........
................D................
.......)........E................
.......#..........<..............
.#.#.##.........(...##P.##PP....#
#..#####............########...##
#### #P...........# ##...# .#
###..P...>#..# ####..# ##
#.#P...Š..## #.#..##


You could see a seven-headed hydra and a friendly water elemental.

Vanquished Creatures
  2 black mambas
  13 spiny frogs
  A fire drake (Lair:6)
  A komodo dragon (Lair:4)
  11 blink frogs
  Prince Ribbit (D:6)
  Sigmund (D:4)
  Eustachio (D:5)
  A basilisk (Lair:2)
  2 hippogriffs (Lair:1)
  Menkaure (D:5)
  6 swamp worms (Lair:6)
  4 porcupines
  10 wolves
  8 water moccasins
  2 orc warriors
  2 phantoms
  8 ice beasts
  2 sky beasts
  3 ogres
  2 black bears
  8 crocodiles
  7 centaurs
  A big kobold (D:7)
  Blork the orc (D:4)
  13 giant frogs
  4 killer bees (D:8)
  5 wights (D:7)
  An electric eel (Lair:6)
  4 crimson imps
  A jelly (D:5)
  4 hounds
  An orc priest (D:7)
  2 centaur skeletons
  An iguana (D:5)
  Natasha (D:3)
  9 orc wizards
  10 worker ants
  4 sheep (Lair:3)
  A hound skeleton (D:7)
  A worker ant zombie (D:7)
  13 adders
  33 river rats
  A shadow imp (D:5)
  12 white imps (Lair:1)
  3 worms
  An adder skeleton (D:7)
  An adder zombie (D:7)
  2 giant geckos
  23 orcs
  12 bats
  A bat zombie (D:8)
  8 giant cockroaches
  12 hobgoblins
  8 jackals
  6 quokkas
  A ball python (D:4)
  5 giant newts
  6 goblins
  A jackal skeleton (D:5)
  19 kobolds
  12 rats
  A rat zombie (D:8)
342 creatures vanquished.

Vanquished Creatures (others)
  An orc (D:7)
  4 fungi
  4 plants
9 creatures vanquished.

Grand Total: 351 creatures vanquished

Notes
Turn   | Place    | Note
--------------------------------------------------------------
     0 | D:1      | Ordine the Troll Monk began the quest for the Orb.
     0 | D:1      | Reached XP level 1. HP: 22/22 MP: 0/0
   173 | D:1      | Reached XP level 2. HP: 27/29 MP: 1/1
   997 | D:2      | Reached XP level 3. HP: 36/36 MP: 2/2
  1549 | D:2      | Reached XP level 4. HP: 42/44 MP: 3/3
  1855 | D:3      | Reached skill level 5 in Unarmed Combat
  1948 | D:3      | Found a sacrificial altar of Ru.
  1999 | D:3      | Found a deep blue altar of Sif Muna.
  2255 | D:3      | Found a bloodstained altar of Trog.
  2488 | D:3      | Found a shattered altar of Ashenzari.
  2606 | D:4      | Noticed Natasha
  2613 | D:3      | Reached XP level 5. HP: 38/53 MP: 4/4
  2645 | D:3      | Killed Natasha
  2932 | D:4      | Noticed Blork the orc
  2939 | D:4      | Killed Blork the orc
  2939 | D:4      | Reached XP level 6. HP: 59/61 MP: 5/5
  3210 | D:4      | Reached skill level 6 in Unarmed Combat
  3464 | D:5      | Entered Level 5 of the Dungeon
  3659 | D:5      | Reached XP level 7. HP: 66/70 MP: 6/6
  3887 | D:5      | Found a staircase to the Ecumenical Temple.
  3972 | Temple   | Entered the Ecumenical Temple
  4206 | D:5      | Noticed Eustachio
  4227 | D:5      | Killed Eustachio
  4227 | D:5      | Reached skill level 7 in Unarmed Combat
  4287 | D:5      | Noticed Menkaure
  4301 | D:5      | Killed Menkaure
  4510 | D:4      | Noticed Sigmund
  4516 | D:4      | Found a burning altar of Makhleb.
  4520 | D:4      | Killed Sigmund
  4520 | D:4      | Reached XP level 8. HP: 64/79 MP: 7/7
  4562 | D:6      | Reached skill level 8 in Unarmed Combat
  4651 | D:6      | Found a shimmering altar of Xom.
  4727 | D:6      | Reached skill level 5 in Fighting
  4775 | D:6      | Reached skill level 5 in Dodging
  4817 | D:6      | Noticed Prince Ribbit
  4830 | D:6      | Killed Prince Ribbit
  4830 | D:6      | Reached skill level 9 in Unarmed Combat
  4898 | D:6      | Found a glowing drain.
  4947 | Sewer    | Entered a sewer
  5291 | D:6      | Reached XP level 9. HP: 70/88 MP: 8/8
  5372 | D:6      | Found a sparkling altar of Nemelex Xobeh.
  5638 | D:6      | Found a glowing silver altar of Zin.
  5638 | D:6      | Found a basalt altar of Yredelemnul.
  5892 | D:7      | Reached skill level 10 in Unarmed Combat
  6130 | D:7      | Found a blossoming altar of Fedhas.
  6443 | D:8      | Found a staircase to the Lair.
  6712 | D:8      | Found a white marble altar of Elyvilon.
  6715 | D:8      | Reached skill level 11 in Unarmed Combat
  6715 | D:8      | Reached XP level 10. HP: 96/100 MP: 9/9
  6789 | D:8      | Found an ancient bone altar of Kikubaaqudgha.
  7134 | Lair:1   | Entered Level 1 of the Lair of Beasts
  7711 | Lair:1   | Found a frozen archway.
  7721 | IceCv    | Entered an ice cave
  7787 | IceCv    | Noticed an ice statue
  7787 | IceCv    | Noticed an ice statue
  7933 | Lair:1   | Found a stormy altar of Qazlal.
  8013 | Lair:1   | Reached skill level 12 in Unarmed Combat
  8564 | Lair:2   | Reached XP level 11. HP: 43/109 MP: 10/10
  8971 | Lair:2   | Got a slimy blowgun
  8972 | Lair:2   | Identified the +6 blowgun "Firph" {speed, +Blink MR+} (You found it on level 2 of the Lair of Beasts)
  8975 | Lair:2   | Gained mutation: Your muscles are strong. (Str +2) [potion of mutation]
  8975 | Lair:2   | Gained mutation: Your mind is acute. (Int +2) [potion of mutation]
  8975 | Lair:2   | Gained mutation: You expend magic power (3 MP) to strengthen your wands. [potion of mutation]
  8976 | Lair:2   | Gained mutation: Scrolls take you a little longer to read. [potion of mutation]
  8976 | Lair:2   | Gained mutation: You are surrounded by a mild repulsion field (EV +2). [potion of mutation]
  9060 | Lair:2   | Noticed a black mamba
  9067 | Lair:2   | Killed a black mamba
  9252 | Lair:3   | Noticed an eight-headed hydra
  9274 | Lair:3   | Reached skill level 13 in Unarmed Combat
 10020 | Lair:6   | Noticed a seven-headed hydra
 10530 | Lair:5   | Gained mutation: Your magical capacity is low (-10% MP). [potion of mutation]
 10530 | Lair:5   | Gained mutation: Your muscles are very strong. (Str +4) [potion of mutation]
 10810 | Lair:6   | Reached skill level 14 in Unarmed Combat
 10932 | Lair:6   | Reached XP level 12. HP: 122/122 MP: 9/9
 11261 | Lair:6   | Found a staircase to the Swamp.
 11441 | Lair:7   | Noticed a seven-headed hydra
 11483 | Lair:6   | Slain by a seven-headed hydra

Vault maps used:
D:1:      minmay_arrival_three_doors, hangedman_decor_growths
D:3:      marbit_many_paths, lemuel_blue_sif_altar, hangedman_ru_absence,
          overflow_temple_1_default, minivault_24
D:4:      nicolae_overflow_hidden_temple, grunt_decor_fettered,
          uniq_blork_the_orc, uniq_natasha, uniq_sigmund
D:5:      minmay_temple_entry_purple_smoke, first_bread, uniq_menkaure,
          uniq_eustachio
D:6:      nicolae_overflow_crystal_walls, nemelex_xobeh_ov_fountains_minmay,
          gammafunk_temple_overflow_statue, gup_sewer_entry_glass,
          uniq_prince_ribbit1
D:7:      lemuel_coloured_pillars_altar
D:8:      lemuel_zombie_altar_kikubaaqudgha, due_lair_maze_entry_diamond,
          david_nohive_1, elyvilon_altar_5
Temple:   hc_temple_tempest_star_small
Lair:1:   portal_ice_cave_entry_imps, lemuel_centaur_altar, uniq_gastronok
Lair:2:   ldierk_geyser, minivault_24, st_stairs_13
Lair:3:   nicolae_spider_entry_non_spiders
Lair:4:   serial_bayou_pond_d, minmay_holes, grunt_forest_stairs_clearing,
          grunt_megastairs_3, infiniplex_staircase_pool_2, uniq_sonja
Lair:5:   dpeg_oklob_gauntlet, grunt_megastairs_5
Lair:6:   nicolae_swamp_entry_splash_gauntlet
Sewer:    sewer_the_crocodile
IceCv:    ice_cave_statue_garden_01

Action                   |  1- 3 |  4- 6 |  7- 9 | 10-12 || total
-------------------------+-------+-------+-------+-------++-------
Melee: Unarmed           |   114 |   131 |   392 |   457 ||  1094
 Fire: Blowgun           |       |       |       |     2 ||     2
Throw: Large rock        |       |       |     8 |    14 ||    22
Evoke: Wand              |       |       |       |     2 ||     2
       Phial of floods   |       |       |       |     1 ||     1
  Use: Scroll            |     5 |     5 |     1 |    11 ||    22
       Potion            |       |       |     4 |     7 ||    11
 Stab: Sleeping          |     3 |     2 |     3 |     1 ||     9
       Invisible         |       |       |     7 |       ||     7
  Eat: Chunk             |    17 |    20 |    30 |    39 ||   106
       Beef jerky        |       |       |       |     1 ||     1
